 Dungeon Crawl Stone Soup version 0.18.1-8-gdd0e5ea (webtiles) character file.

748379 Liquid the Conqueror (level 27, -2/419 HPs)
             Began as an Ogre Hunter on June 11, 2016.
             Was the Champion of Kikubaaqudgha.
             Slain by a death scarab (18 damage)
             ... on level 3 of the Tomb of the Ancients on June 12, 2016.
             The game lasted 06:31:58 (89851 turns).

Liquid the Conqueror (Ogre Hunter)                 Turns: 89851, Time: 06:31:59

Health: -2/419     AC: 20    Str: 28      XL:     27
Magic:  48/51      EV: 18    Int: 16      God:    Kikubaaqudgha [******]
Gold:   2313       SH:  0    Dex: 11 (12) Spells: 10 memorised, 18 levels left

rFire  + . .     SeeInvis .     S - +9 giant spiked club (crush)
rCold  + . .     Gourm    .     (armour currently unavailable)
rNeg   + + +     Faith    .     (shield currently unavailable)
rPois  ∞         Spirit   .     y - +2 hat
rElec  +         Dismiss  .     a - +2 cloak of Nyont {rN+ MR+ Dex+4}
rCorr  .         Reflect  .     (gloves unavailable)
SustAt .         Harm     .     (boots unavailable)
MR     +++..                    V - amulet of Yfacleb {Regen+ MP+9}
Stlth  +.........               k - ring of Refuw {*Corrode rElec rC+ rN+ Slay+5}
                                N - ring of Ziun Wog {Wiz +Blink rF+ Int+2 Dex-4}

@: statue-form, corroded, contaminated, regenerating, hasted and slowed,
glowing, studying Dodging, very slow, extremely resistant to hostile
enchantments, very unstealthy
A: unfitting armour, deterioration 1, (tough skin 0)
a: End Transformation, Receive Corpses, Torment, Brand Weapon With Pain, Receive
Necronomicon, Renounce Religion, Evoke Blink
}: 4/15 runes: decaying, slimy, silver, gossamer


You were on level 3 of the Tomb of the Ancients.
You worshipped Kikubaaqudgha.
Kikubaaqudgha was exalted by your worship.
You were very hungry.
You were a stone statue.
You visited 12 branches of the dungeon, and saw 59 of its levels.
You visited the Abyss 3 times.
You also visited: Bailey, Ice Cave and Volcano.

You collected 10551 gold pieces.
You spent 8238 gold pieces at shops.

Inventory:

Hand Weapons
 q - the +7 giant club "Zoiroc" {venom, rN+++ Str-2 Dex+4}
   (Trog gifted it to you on level 1 of the Elven Halls)

   It poisons the flesh of those it strikes.
   It affects your strength (-2).
   It affects your dexterity (+4).
   It renders you almost immune to negative energy.
 S - a +9 giant spiked club of crushing (weapon)
Missiles
 j - 121 large rocks (quivered)
Armour
 a - the +2 cloak of Nyont (worn) {rN+ MR+ Dex+4}
   (You found it on level 6 of the Pits of Slime)

   It affects your dexterity (+4).
   It protects you from negative energy.
   It affects your resistance to hostile enchantments.
 y - a +2 hat (worn)
 T - the quicksilver dragon armour of Disguise (melded) {MR+ Regen+ Int+2 Dex-2 SInv}
   (You acquired it on level 3 of the Abyss)

   It affects your intelligence (+2).
   It affects your dexterity (-2).
   It affects your resistance to hostile enchantments.
   It lets you see invisible.
   It increases your rate of regeneration.
Jewellery
 c - a ring of the Octopus King {SustAt AC+1 EV+1 Str+1 Int+1 Dex+1}
   (You bought it in a shop on level 2 of the Orcish Mines)

   [ring of sustain attributes]

   It sustains your strength, intelligence and dexterity.
   It affects your AC (+1).
   It affects your evasion (+1).
   It affects your strength (+1).
   It affects your intelligence (+1).
   It affects your dexterity (+1).
 k - the ring of Refuw (right hand) {*Corrode rElec rC+ rN+ Slay+5}
   (You found it on level 6 of the Pits of Slime)

   [ring of positive energy]

   It affects your accuracy and damage with ranged weapons and melee attacks
   (+5).
   It protects you from cold.
   It insulates you from electricity.
   It protects you from negative energy.
   It may corrode you when you take damage.
 v - the ring "Tarch" {rElec rF+ rC+}
   (You found it on level 2 of the Abyss)

   [ring of protection from cold]

   It protects you from fire.
   It protects you from cold.
   It insulates you from electricity.
 F - the amulet "Obujing" {+Rage rElec rC+ MR+}
   (You found it on level 3 of the Elven Halls)

   [amulet of rage]

   It protects you from cold.
   It insulates you from electricity.
   It affects your resistance to hostile enchantments.
   It lets you go berserk.
 H - the ring "Cipae" {Ice rElec rPois rN+++ Str-4}
   (You found it on level 3 of the Tomb of the Ancients)

   [ring of ice]

   It enhances your ice magic, and weakens your fire magic.
   It affects your strength (-4).
   It makes you vulnerable to fire.
   It protects you from cold.
   It insulates you from electricity.
   It protects you from poison.
   It renders you almost immune to negative energy.
 L - the ring "Farir" {rPois MR+ Int+4}
   (You took it off a tengu reaver on level 3 of the Vaults)

   [ring of intelligence]

   It affects your intelligence (+4).
   It protects you from poison.
   It affects your resistance to hostile enchantments.
 N - the ring of Ziun Wog (left hand) {Wiz +Blink rF+ Int+2 Dex-4}
   (You took it off a centaur warrior on level 2 of the Depths)

   [ring of wizardry]

   It improves your spell success rate.
   It affects your intelligence (+2).
   It affects your dexterity (-4).
   It protects you from fire.
   It lets you blink.
 V - the amulet of Yfacleb (around neck) {Regen+ MP+9}
   (You took it off a yaktaur captain on level 4 of the Depths)

   [amulet of regeneration]

   It affects your magic capacity (+9).
   It increases your rate of regeneration.
 X - the ring of Egai {+Fly rN+ MR+ SInv}
   (You took it off a hell knight on level 3 of the Crypt)

   [ring of positive energy]

   It protects you from negative energy.
   It affects your resistance to hostile enchantments.
   It lets you see invisible.
   It lets you fly.
 Y - an uncursed ring of resist corrosion
Wands
 o - a wand of digging (16/24)
 s - a wand of hasting (0/9)
 C - a wand of heal wounds (6/9)
 O - a wand of teleportation (1/9)
Scrolls
 d - 2 scrolls of holy word
 e - a scroll of teleportation
 l - a scroll of summoning
 m - 14 scrolls of enchant armour
 t - 9 scrolls of identify
 u - 2 scrolls of recharging
 z - 14 scrolls of magic mapping
 A - 5 scrolls of fog
 E - 25 scrolls of remove curse
 G - 4 scrolls of fear
 J - a scroll of blinking
 M - 2 scrolls of amnesia
 R - 2 scrolls of silence
Potions
 b - a potion of haste
 g - 5 potions of resistance
 h - 4 potions of cure mutation
 i - 2 potions of heal wounds
 n - 5 potions of cancellation
 r - 7 potions of brilliance
 w - 6 potions of ambrosia
 x - 6 potions of berserk rage
 B - 20 potions of curing
 D - 9 potions of agility
 I - 3 potions of invisibility
 K - 12 potions of flight
 Q - 7 potions of might
 U - 3 potions of magic
 W - 8 potions of lignification
Books
 P - a manual of Dodging
Comestibles
 f - 3 chunks of flesh
 p - 30 meat rations


   Skills:
 O Level 27 Fighting
 O Level 27 Maces & Flails
 - Level 20.3 Throwing
 - Level 16.0 Armour
 - Level 18.4 Dodging
 - Level 0.7 Stealth
 - Level 15.0 Spellcasting
 + Level 8.9 Charms
 + Level 5.1 Translocations
 - Level 12.2 Transmutations
 * Level 8.7 Air Magic
 - Level 12.0 Earth Magic


You had 18 spell levels left.
You knew the following spells:

 Your Spells              Type           Power        Failure   Level  Hunger
a - Statue Form           Trmt/Erth      ######...    3%          6    ######.
b - Passage of Golubria   Tloc           N/A          4%          4    #......
c - Regeneration          Chrm/Necr      ####......   1%          3    None
d - Blink                 Tloc           N/A          1%          2    None
e - Animate Dead          Necr           N/A          32%         4    #......
f - Apportation           Tloc           ####......   1%          1    None
g - Deflect Missiles      Chrm/Air       #####.....   10%         6    ######.
h - Song of Slaying       Chrm           #####...     1%          2    None
i - Spectral Weapon       Hex/Chrm       ####....     1%          3    None
j - Dragon Form           Trmt           ######....   12%         7    #######


Dungeon Overview and Level Annotations

Branches:
Dungeon (15/15)            Temple (1/1) D:4            Lair (8/8) D:9
  Swamp (4/4) Lair:5       Spider (4/4) Lair:3        Slime (6/6) Lair:6
    Orc (2/2) D:12            Elf (3/3) Orc:2        Vaults (5/5) D:14
  Crypt (3/3) Vaults:2       Tomb (3/3) Crypt:3      Depths (5/5) D:15
    Zot (0/5) Depths:5

Altars:
Ashenzari
Cheibriados
Dithmenos
Elyvilon
Fedhas
Gozag
Kikubaaqudgha
Makhleb
Nemelex Xobeh
Okawaru
Pakellas
Qazlal
Ru
Sif Muna
Trog
Vehumet
Xom
Yredelemnul
Zin
The Shining One
Beogh
Jiyva

Shops:
D:4 *   Orc:2 [*(=   Elf:1 (   Elf:2 *=(   Vaults:1 }   Vaults:5 ?????!!

Portals:
Hell: Depths:1 Depths:2 Depths:3 Depths:4 Depths:5
Abyss: Depths:3 Depths:4
Pandemonium: Depths:2 Depths:3
Ziggurat: Depths:4

Annotations:
D:4 Edmund
Elf:2 3 runed doors


Innate Abilities, Weirdness & Mutations

You are too large for most types of armour.
((You have tough skin (AC +1).))
Your body sometimes deteriorates upon taking damage.


Message History

You already are as slow as you could be.
The death scarab bites you.
* * * LOW HITPOINT WARNING * * *
The death scarab drains your vigour!
You already are as slow as you could be.
The death scarab barely misses you. x2; The death scarab closely misses you.
The death scarab misses you.
Drink which item? (? for menu, Esc to quit)
You feel much better.
The death scarab twitches its antennae in your direction.
The death scarab misses you. The death scarab bites you!
* * * LOW HITPOINT WARNING * * *
The death scarab closely misses you. The death scarab barely misses you.
The death scarab bites you!
* * * LOW HITPOINT WARNING * * *
The death scarab drains your vigour!
You feel as though you will be slow longer.
The death scarab bites you!!
You die...
Kikubaaqudgha rasps: "You have failed me!
Welcome... oblivion!"

.$$$....^....#.§§§§§#
...}$$}$$$
)B..}..^†....#§§§.§.#
.(.$%$$$$$
.B§§.........#§.§M§.#
}:§BBs.()^...#§§§§§.#
#§BBM§M.."...#§§§§§.#
##B[zB)).....#§BBB§§#
##ss=!.....##BBBBB.#
##}|$$.?..##BBB§B.#
##}$...####BB8B§.#
####### ########


You could see a guardian mummy and 15 death scarabs.

Vanquished Creatures
  the Royal Jelly (Slime:6)
  Khufu (Tomb:1)
  Mara (Elf:3)
  4 ancient liches
  21 greater mummies
  Norris (Elf:3)
  Margery (Vaults:4)
  Saint Roka (Vaults:2)
  3 caustic shrikes
  4 golden dragons
  Jory (Vaults:3)
  A profane servitor (Abyss:1)
  the Enchantress (Depths:3)
  2 bone dragons
  12 liches
  Jorgrun (Swamp:4)
  11 tentacled monstrosities
  An Ice Fiend (IceCv)
  Asterion (Vaults:2)
  The ghost of deorigin the Spry, an adept DrTm of Okawaru (Spider:3)
  2 deep elf blademasters (Elf:3)
  2 deep elf master archers (Elf:3)
  4 titans
  4 quicksilver dragons
  13 sphinxes
  18 acid blobs
  7 ancient champions
  8 tentacled starspawn
  5 storm dragons
  A thorn hunter (Swamp:4)
  Frances (D:12)
  16 tengu reavers
  4 revenants
  5 shadow dragons
  A draconian monk (Depths:5)
  7 azure jellies
  Wiglaf (Spider:3)
  8 deep elf sorcerers
  17 frost giants
  18 fire giants
  4 iron dragons
  2 draconian knights (Depths:5)
  Donald (Crypt:3)
  A cacodemon (Abyss:1)
  6 ghost moths
  The ghost of Thrillho the Eclecticist, a journeyman DEFE of Vehumet (Swamp:4)
  7 emperor scorpions
  An orc warlord (Bailey)
  Aizul (Vaults:1)
  2 curse skulls
  9 ghouls
  20 vault wardens
  7 deep elf elementalists
  A balrug (Abyss:2)
  5 war gargoyles
  7 spriggan defenders
  16 ironheart preservers
  2 reapers (Crypt:2)
  28 stone giants
  43 very ugly things
  6 vampire knights
  7 deep elf demonologists
  6 salamander stormcallers
  A lorocyproca (Abyss:1)
  2 red draconians (Depths:5)
  Azrael (D:13)
  A black draconian (Depths:5)
  7 spark wasps
  7 deep elf annihilators
  A yellow draconian (Depths:5)
  3 green deaths
  4 crystal guardians
  8 deep elf death magi
  5 eidola
  An ettin (shapeshifter) (Vaults:5)
  3 death oozes
  23 mummy priests
  4 jiangshi
  8 fire dragons
  17 ettins
  37 vault guards
  2 merfolk impalers
  4 deep elf high priests
  19 great orbs of eyes
  Josephine (Lair:8)
  8 spriggan air magi
  8 rakshasas
  2 entropy weavers (shapeshifter)
  23 yaktaur captains
  A ghost crab (shapeshifter) (Elf:3)
  11 entropy weavers
  A quicksilver dragon skeleton (Depths:4)
  14 ice dragons
  18 hydras
  A catoblepas (Lair:7)
  10 centaur warriors
  An anaconda (shapeshifter) (D:14)
  8 ogre magi
  20 dancing weapons
  5 vampire magi
  Urug (Orc:1)
  23 deep troll earth magi
  7 tengu warriors
  13 deep troll shamans
  10 alligators
  8 thrashing horrors
  4 hell hogs (Abyss:1)
  13 death yaks
  An orc high priest (Orc:2)
  6 death knights
  8 spriggan berserkers
  A sun demon (Abyss:2)
  3 soul eaters
  Sonja (D:11)
  22 deep elf knights
  3 salamander mystics
  A titan skeleton (Depths:4)
  4 wretched stars
  23 death scarabs
  39 skeletal warriors
  15 hell knights
  A spark wasp zombie (Depths:4)
  2 fire crabs (shapeshifter)
  2 storm dragon skeletons
  9 iron trolls
  The ghost of kak the Thaumaturge, a novice DECj of Sif Muna (Lair:2)
  A sea snake (shapeshifter) (Vaults:5)
  4 wizards
  5 swamp dragons
  54 deep trolls
  The ghost of Malvoorn the Carver, a novice DsAK of Lugonu (D:11)
  4 unseen horrors
  8 giant orange brains
  5 flayed ghosts
  A swamp dragon (shapeshifter) (Depths:4)
  6 shadow wraiths
  3 golden dragon zombies
  A shambling mangrove (Swamp:4)
  30 deep elf archers
  A tengu zombie (Depths:2)
  10 phantasmal warriors
  30 hill giants
  A harpy (shapeshifter) (Vaults:1)
  24 anubis guards
  13 orc knights
  A wolf spider zombie (D:12)
  20 necromancers
  A sphinx zombie (Depths:4)
  13 ironbrand convokers
  5 statues (Volcano)
  10 harpies
  2 shadow dragon zombies
  A wolf spider (shapeshifter) (Vaults:5)
  2 frost giant zombies
  71 ugly things
  A tengu skeleton (Vaults:1)
  74 deep elf magi
  2 fire giant zombies
  An orb spider (shapeshifter) (Depths:3)
  33 wolf spiders
  3 golden dragon skeletons
  7 shining eyes
  12 griffons
  20 orb spiders
  10 cyclopes
  5 orc sorcerers
  2 worldbinders
  144 slime creatures
  12 salamanders
  A sphinx skeleton (Depths:2)
  8 manticores
  2 iron dragon zombies
  2 shadow dragon skeletons
  13 elephants
  7 hornets
  3 black mambas
  22 large abominations
  13 vault sentinels
  2 sixfirhies (Abyss:1)
  A dire elephant zombie (Crypt:3)
  5 centaur zombies
  A human skeleton (Vaults:1)
  2 guardian serpents (shapeshifter)
  The ghost of rockintein the Cleaver, a novice MiBe of Trog (D:6)
  A water nymph (shapeshifter) (Vaults:5)
  A shock serpent zombie (Crypt:2)
  2 naga magi (Abyss:2)
  A storm dragon simulacrum (Vaults:4)
  3 ice statues
  4 eyes of devastation
  2 fire giant skeletons
  2 apocalypse crabs
  A guardian serpent (Abyss:2)
  A hellion (Depths:3)
  4 moths of wrath
  4 torpor snails
  17 spiny frogs
  2 frost giant skeletons
  6 orange demons
  3 smoke demons
  2 alligator snapping turtle zombies (Crypt:1)
  13 kobold demonologists
  A gargoyle (D:9)
  9 rime drakes
  2 centaur skeletons
  An efreet (D:15)
  A komodo dragon (shapeshifter) (Vaults:3)
  89 yaktaurs
  A yaktaur zombie (Vaults:4)
  An anaconda simulacrum (IceCv)
  A yaktaur (shapeshifter) (Depths:2)
  5 ancient zymes
  3 hellwings
  22 guardian mummies
  4 ice devils
  8 demonic crawlers
  4 spriggan druids
  An elf skeleton (Depths:4)
  8 komodo dragons
  14 freezing wraiths
  A troll (shapeshifter) (D:14)
  3 tengu conjurers
  6 red devils
  A silent spectre (Abyss:2)
  A giant leech (shapeshifter) (Vaults:1)
  14 trolls
  A hydra zombie (Crypt:2)
  35 jumping spiders
  25 two-headed ogres
  3 queen bees (shapeshifter)
  A two-headed ogre (shapeshifter) (Vaults:2)
  A merfolk (shapeshifter) (Depths:4)
  9 polar bears
  8 giant leeches
  A hydra skeleton (Tomb:2)
  A queen bee (Lair:1)
  Grinder (D:6)
  A sphinx simulacrum (Vaults:1)
  A blink frog (shapeshifter) (Vaults:2)
  6 boulder beetles
  2 fire giant simulacra
  A raiju (shapeshifter) (Vaults:3)
  A shadow dragon simulacrum (Depths:2)
  10 ushabtiu
  9 raiju
  40 blink frogs
  2 human simulacra (Vaults:1)
  2 ettin zombies (Tomb:1)
  2 fire dragon zombies (Crypt:3)
  A hornet zombie (D:15)
  10 bog bodies
  27 spriggans
  A black mamba zombie (Abyss:1)
  4 ynoxinuls (Abyss:1)
  Sigmund (D:2)
  97 redbacks
  13 shadows
  5 centaur simulacra
  12 water elementals
  A dire elephant simulacrum (IceCv)
  48 yaks
  An ettin skeleton (Crypt:1)
  45 flying skulls
  33 starcursed masses
  9 air elementals
  35 tarantellas
  10 wyverns
  A tarantella (shapeshifter) (Depths:4)
  A basilisk (shapeshifter) (Vaults:4)
  6 neqoxecs
  A human (shapeshifter) (D:15)
  A vampire (D:12)
  8 wraiths
  5 fire elementals
  13 golden eyes
  7 basilisks
  16 fire bats
  4 hungry ghosts
  A steam dragon (D:8)
  17 hippogriffs
  A putrid demonspawn zombie (Abyss:1)
  33 vampire mosquitoes
  7 chaos spawn
  A hippogriff (shapeshifter) (D:14)
  A death yak simulacrum (IceCv)
  4 mottled dragons
  12 insubstantial wisps (Swamp:1)
  5 iron troll simulacra (IceCv)
  A soldier ant (shapeshifter) (D:14)
  8 wargs
  3 harpy simulacra (IceCv)
  4 hydra simulacra (IceCv)
  2 nagas (shapeshifter)
  A deep troll zombie (Vaults:4)
  12 porcupines
  A soldier ant (D:12)
  11 water moccasins
  16 swamp worms
  A giant eyeball (shapeshifter) (Depths:1)
  A hell hound (shapeshifter) (Elf:3)
  9 hell hounds
  5 giant eyeballs
  38 orc warriors
  Duvessa (D:4)
  A deep troll skeleton (Vaults:4)
  4 swamp drakes
  6 sky beasts
  A hornet simulacrum (D:15)
  13 eyes of draining
  A fire dragon simulacrum (Abyss:1)
  3 ice beasts
  A sky beast (shapeshifter) (Depths:2)
  6 human zombies
  5 necrophages
  A spiny frog skeleton (Tomb:2)
  2 eyes of draining (shapeshifter)
  A snapping turtle zombie (Crypt:3)
  27 wasps
  14 black bears
  An alligator simulacrum (IceCv)
  50 ogres
  2 orc zombies
  2 tengu (shapeshifter)
  32 wolves
  3 boggarts (Vaults:3)
  2 phantoms
  An orc skeleton (Vaults:1)
  24 centaurs
  A manticore skeleton (Tomb:2)
  3 swamp dragon skeletons
  12 crocodiles
  A snapping turtle skeleton (Tomb:1)
  A crocodile (shapeshifter) (Vaults:5)
  4 big kobolds
  A torpor snail zombie (Crypt:2)
  21 giant frogs
  A gnoll sergeant (D:5)
  An octopode zombie (Crypt:2)
  A komodo dragon skeleton (Crypt:1)
  6 earth elementals
  Dowan (D:4)
  2 hell hound skeletons (Crypt:1)
  2 wyvern skeletons
  28 small abominations
  8 scorpions
  A troll zombie (Tomb:1)
  A hippogriff zombie (Crypt:1)
  An elephant simulacrum (IceCv)
  A spriggan zombie (Crypt:1)
  27 killer bees
  6 wights
  11 electric eels
  4 howler monkeys
  A wolf zombie (Crypt:1)
  15 crimson imps
  4 giant frog zombies
  37 jellies
  3 lava snakes (Volcano)
  4 quasits
  5 draconian simulacra (IceCv)
  2 giant frog skeletons
  13 hounds
  31 orc priests
  14 iguanas
  31 orc wizards
  Crazy Yiuf (D:2)
  2 iron imps (Abyss:1)
  Jessica (D:2)
  Ijyb (D:3)
  Terence (D:3)
  8 worker ants
  2 spriggan simulacra (IceCv)
  22 sheep
  A demigod zombie (Crypt:2)
  2 hound zombies
  A demigod skeleton (Crypt:2)
  3 hound skeletons
  44 mummies
  10 gnolls
  An ogre simulacrum (IceCv)
  13 adders
  A naga simulacrum (IceCv)
  15 river rats
  9 shadow imps
  5 white imps
  12 ufetubi
  An ooze (D:2)
  An adder zombie (D:6)
  7 worms
  4 dart slugs
  4 giant geckos
  137 orcs
  6 giant cockroaches
  13 goblins
  5 hobgoblins
  8 jackals
  6 quokkas
  11 bats
  A giant gecko skeleton (D:4)
  7 giant newts
  A goblin skeleton (Crypt:1)
  35 kobolds
  A kobold skeleton (Crypt:3)
  A quokka skeleton (D:7)
  A quokka zombie (D:3)
  6 rats
  A lurking horror (Abyss:1)
  A macabre mass (Abyss:3)
  2 plants (Lair:4)
  8 starspawn tentacles
3620 creatures vanquished.

Vanquished Creatures (collateral kills)
  A caustic shrike (Depths:4)
  A fire giant (Depths:4)
  An orc warlord (Orc:2)
  A spriggan defender (Depths:3)
  A stone giant (Depths:3)
  Nessos (D:13)
  2 spriggan air magi
  A centaur warrior (D:11)
  2 dancing weapons (Elf:1)
  A spriggan berserker (Depths:3)
  4 skeletal warriors (D:13)
  An iron troll (Depths:4)
  A deep troll (Depths:4)
  An orc knight (Orc:2)
  2 orc sorcerers (Orc:2)
  A wolf spider (Spider:4)
  2 deep elf magi (Elf:1)
  2 elephants (Lair:7)
  An ice devil (IceCv)
  2 yaktaurs (Vaults:1)
  3 spriggans
  4 wraiths (Lair:8)
  A water moccasin (D:13)
  4 orc warriors (Orc:2)
  2 wasps (Depths:3)
  An ogre (Orc:2)
  2 earth elementals (Elf:1)
  An orc priest (Orc:2)
  2 orc wizards (Orc:2)
  A hell rat (shapeshifter) (Depths:4)
  A wolf simulacrum (IceCv)
  An orc (Orc:2)
  A fungus (Lair:8)
53 creatures vanquished.

Vanquished Creatures (others)
  A tengu reaver (Depths:4)
  A revenant (Tomb:2)
  A frost giant (Depths:5)
  A deep elf demonologist (Elf:3)
  A quicksilver dragon skeleton (Tomb:2)
  A great orb of eyes (Depths:5)
  5 death scarabs (Tomb:2)
  A necromancer (Vaults:1)
  An ushabti (Tomb:2)
  3 flying skulls
  An air elemental (Depths:4)
  A redback (Depths:5)
  A swamp worm (Swamp:1)
  A giant frog skeleton (D:13)
  An orc wizard (D:9)
  2 mummies (Tomb:2)
  3 ufetubi (IceCv)
  A bush (Lair:7)
  A fulminant prism (Lair:2)
  16 fungi
  10 lost souls
  A lurking horror (Abyss:1)
  10 plants
  4 spectral weapons
  18 starspawn tentacles
  182 starspawn tentacle segments
269 creatures vanquished.

Grand Total: 3942 creatures vanquished

Notes
Turn   | Place    | Note
--------------------------------------------------------------
     0 | D:1      | Liquid the Ogre Hunter began the quest for the Orb.
     0 | D:1      | Reached XP level 1. HP: 22/22 MP: 1/1
    92 | D:1      | Reached XP level 2. HP: 27/31 MP: 2/2
   256 | D:1      | Reached skill level 1 in Maces & Flails
   299 | D:1      | Reached XP level 3. HP: 36/39 MP: 3/3
   381 | D:1      | You fall through a shaft!
   381 | D:2      | Noticed Jessica
   383 | D:2      | Killed Jessica
   474 | D:2      | Reached XP level 4. HP: 40/48 MP: 4/4
  1310 | D:2      | Found a bloodstained altar of Trog.
  1320 | D:2      | Reached XP level 5. HP: 53/55 MP: 5/5
  1335 | D:2      | Became a worshipper of Trog the Wrathful
  1346 | D:2      | Noticed Sigmund
  1350 | D:2      | Killed Sigmund
  1350 | D:2      | Reached skill level 5 in Fighting
  1350 | D:2      | Reached XP level 6. HP: 67/67 MP: 6/6
  1380 | D:2      | Found a sparkling altar of Nemelex Xobeh.
  1466 | D:2      | Noticed Crazy Yiuf
  1467 | D:2      | Killed Crazy Yiuf
  1467 | D:2      | Reached skill level 5 in Throwing
  1852 | D:3      | Reached skill level 5 in Maces & Flails
  1881 | D:3      | Noticed Terence
  1888 | D:3      | Killed Terence
  2030 | D:3      | Reached * piety under Trog
  2196 | D:3      | Reached XP level 7. HP: 32/76 MP: 7/7
  2385 | D:3      | Noticed Ijyb
  2387 | D:3      | Killed Ijyb
  2943 | D:4      | Reached ** piety under Trog
  3154 | D:4      | Found Ydwyit's General Store.
  3509 | D:4      | Got an iridescent dagger
  3510 | D:4      | Identified the +9 dagger "Jatseton" {pain, rF+} (You found it on level 4 of the Dungeon)
  3534 | D:4      | Noticed Edmund
  3776 | D:4      | Reached XP level 8. HP: 73/88 MP: 8/8
  3892 | D:4      | Noticed Duvessa
  3893 | D:4      | Noticed Dowan
  4155 | D:5      | Entered Level 5 of the Dungeon
  5983 | D:6      | Noticed rockintein's ghost (novice MiBe)
  6430 | D:4      | Found a staircase to the Ecumenical Temple.
  6442 | Temple   | Entered the Ecumenical Temple
  6706 | D:4      | Killed Duvessa
  6706 | D:4      | Reached XP level 9. HP: 101/101 MP: 9/9
  6708 | D:4      | Killed Dowan
  7068 | D:6      | Reached skill level 10 in Fighting
  7084 | D:6      | Found a burning altar of Makhleb.
  7598 | D:6      | Noticed Grinder
  7606 | D:6      | Killed Grinder
  8021 | D:7      | Reached skill level 10 in Maces & Flails
  8278 | D:7      | Reached *** piety under Trog
  8926 | D:7      | Found a basalt altar of Yredelemnul.
  9177 | D:7      | Found a sacrificial altar of Ru.
  9433 | D:8      | Found a sacrificial altar of Ru.
  9670 | D:8      | Received a gift from Trog
  9682 | D:8      | Reached XP level 10. HP: 72/114 MP: 10/10
  9920 | D:8      | Found a shadowy altar of Dithmenos.
  9925 | D:8      | Found a white marble altar of Elyvilon.
  9930 | D:8      | Found a glowing golden altar of the Shining One.
  9943 | D:8      | Found a shattered altar of Ashenzari.
 10635 | D:8      | Reached **** piety under Trog
 11857 | D:9      | Gained mutation: You are surrounded by a mild repulsion field (EV +2). [mutagenic meat]
 11860 | D:9      | Gained mutation: You have large cloven feet. [mutagenic meat]
 11861 | D:9      | Gained mutation: You are partially covered in yellow scales (AC +2). [mutagenic meat]
 11862 | D:9      | Gained mutation: You are occasionally teleported next to monsters. [mutagenic meat]
 12548 | D:9      | Reached XP level 11. HP: 127/127 MP: 11/11
 13090 | D:9      | Noticed a deep elf mage
 13096 | D:9      | Killed a deep elf mage
 13136 | D:9      | Found a staircase to the Lair.
 13241 | D:9      | Reached ***** piety under Trog
 13318 | D:9      | Found a snail-covered altar of Cheibriados.
 13318 | D:9      | Found an ancient bone altar of Kikubaaqudgha.
 13365 | D:10     | Entered Level 10 of the Dungeon
 14128 | D:10     | Found a deep blue altar of Sif Muna.
 14410 | D:11     | Noticed Malvoorn's ghost (novice DsAK)
 14413 | D:11     | Killed Malvoorn's ghost
 14413 | D:11     | Reached skill level 1 in Armour
 14627 | D:11     | Noticed a griffon
 14637 | D:11     | Killed a griffon
 14671 | D:11     | Noticed Sonja
 14680 | D:11     | Killed Sonja
 15117 | D:11     | Noticed a death knight
 15129 | D:11     | Killed a death knight
 15236 | D:11     | Noticed a centaur warrior
 15254 | D:11     | Killed a centaur warrior
 15322 | D:11     | Killed an unseen horror
 15322 | D:11     | Reached XP level 12. HP: 45/140 MP: 12/12
 15819 | Lair:1   | Entered Level 1 of the Lair of Beasts
 16346 | Lair:1   | Reached skill level 15 in Fighting
 16831 | Lair:1   | Received a gift from Trog
 17094 | Lair:2   | Reached skill level 15 in Maces & Flails
 17164 | Lair:2   | Received a gift from Trog
 17384 | Lair:2   | Noticed kak's ghost (novice DECj)
 17386 | Lair:2   | Killed kak's ghost
 17819 | Lair:3   | Noticed a six-headed hydra
 17822 | Lair:3   | Killed a six-headed hydra
 17908 | Lair:3   | Noticed an eight-headed hydra
 17926 | Lair:3   | Reached skill level 5 in Dodging
 17957 | Lair:3   | Killed an eight-headed hydra
 18464 | Lair:3   | Found a hole to the Spider Nest.
 18950 | Lair:4   | Received a gift from Trog
 19024 | Lair:4   | Reached skill level 10 in Throwing
 19100 | Lair:4   | Reached XP level 13. HP: 136/152 MP: 13/13
 19558 | Lair:4   | Received a gift from Trog
 20292 | Lair:5   | Gained mutation: Your spells are a little easier to cast, but a little less powerful. [potion of mutation]
 20292 | Lair:5   | Gained mutation: You have an increased reservoir of magic (+10% MP). [potion of mutation]
 20293 | Lair:5   | Gained mutation: You are somewhat resistant to further mutation. [potion of mutation]
 20293 | Lair:5   | Gained mutation: You have a pair of small horns on your head. [potion of mutation]
 20374 | Lair:5   | Found a staircase to the Swamp.
 21074 | Lair:6   | Received a gift from Trog
 21281 | Lair:6   | Reached XP level 14. HP: 132/166 MP: 15/15
 21395 | Lair:6   | Found a viscous altar of Jiyva.
 21396 | Lair:6   | Found a staircase to the Slime Pits.
 22368 | Lair:7   | Received a gift from Trog
 22901 | Lair:7   | Received a gift from Trog
 23172 | Lair:7   | Reached XP level 15. HP: 178/178 MP: 16/16
 23293 | Lair:8   | Entered Level 8 of the Lair of Beasts
 23324 | Lair:8   | Received a gift from Trog
 23398 | Lair:8   | Received a gift from Trog
 23511 | Lair:8   | Received a gift from Trog
 23639 | Lair:8   | Lost mutation: You are somewhat resistant to further mutation. [potion of cure mutation]
 23639 | Lair:8   | Lost mutation: You are surrounded by a mild repulsion field (EV +2). [potion of cure mutation]
 23639 | Lair:8   | Lost mutation: You have a pair of small horns on your head. [potion of cure mutation]
 23639 | Lair:8   | Lost mutation: You have large cloven feet. [potion of cure mutation]
 23640 | Lair:8   | Lost mutation: You are partially covered in yellow scales (AC +2). [potion of cure mutation]
 23640 | Lair:8   | Lost mutation: Your spells are a little easier to cast, but a little less powerful. [potion of cure mutation]
 23640 | Lair:8   | Lost mutation: You are occasionally teleported next to monsters. [potion of cure mutation]
 23640 | Lair:8   | Lost mutation: You have an increased reservoir of magic (+10% MP). [potion of cure mutation]
 23662 | Lair:8   | Received a gift from Trog
 23980 | Lair:8   | Received a gift from Trog
 24013 | Lair:8   | Noticed Josephine
 24022 | Lair:8   | Killed Josephine
 25076 | D:12     | Noticed Frances
 25132 | D:12     | Killed Frances
 25245 | D:12     | Found a staircase to the Orcish Mines.
 26029 | D:13     | Noticed Nessos
 26034 | D:13     | Killed Nessos
 26105 | D:13     | Found a flagged portal.
 26111 | D:13     | Received a gift from Trog
 26121 | Bailey   | Entered a bailey
 26126 | Bailey   | Noticed an orc warlord
 26243 | Bailey   | Found a runed gate.
 26244 | Bailey   | Found a runed gate.
 26245 | Bailey   | Found a runed gate.
 26362 | Bailey   | Killed an orc warlord
 26362 | Bailey   | Reached XP level 16. HP: 192/192 MP: 16/16
 26468 | D:13     | Noticed Azrael
 26480 | D:13     | Killed Azrael
 26686 | D:13     | Received a gift from Trog
 26690 | D:13     | Gained mutation: You are resistant to hostile enchantments. [mutagenic meat]
 26973 | D:14     | Found a gate to the Vaults.
 27426 | D:15     | Entered Level 15 of the Dungeon
 27812 | D:15     | Found a bloodstained altar of Trog.
 27852 | D:15     | Gained mutation: You have large cloven feet. [mutagenic meat]
 27854 | D:15     | Gained mutation: Your mind is acute. (Int +2) [mutagenic meat]
 27855 | D:15     | Gained mutation: You tend to lose your temper in combat. [mutagenic meat]
 27856 | D:15     | Lost mutation: You tend to lose your temper in combat. [mutagenic meat]
 27857 | D:15     | Gained mutation: Your flesh is cold resistant. [mutagenic meat]
 27858 | D:15     | Gained mutation: Your spells are a little easier to cast, but a little less powerful. [mutagenic meat]
 27864 | D:15     | Gained mutation: You have hoof-like feet. [potion of beneficial mutation]
 28033 | D:15     | Received a gift from Trog
 28066 | D:15     | Reached ****** piety under Trog
 28072 | D:15     | Found a staircase to the Depths.
 28269 | Orc:1    | Entered Level 1 of the Orcish Mines
 28269 | Orc:1    | Noticed Urug
 28280 | Orc:1    | Killed Urug
 28287 | Orc:1    | Received a gift from Trog
 28433 | Orc:1    | Received a gift from Trog
 28560 | Orc:1    | Found a dark tunnel.
 28701 | Volcano  | Entered a volcano
 28859 | Volcano  | Found a bloodstained altar of Trog.
 29096 | Orc:2    | Entered Level 2 of the Orcish Mines
 29106 | Orc:2    | Found a roughly hewn altar of Beogh.
 29147 | Orc:2    | Received a gift from Trog
 29182 | Orc:2    | Received a gift from Trog
 29301 | Orc:2    | Found a roughly hewn altar of Beogh.
 29319 | Orc:2    | Found Ucwaus's Antique Weapon Shoppe.
 29336 | Orc:2    | Found Ceycolaq's Jewellery Shoppe.
 29341 | Orc:2    | Received a gift from Trog
 29348 | Orc:2    | Found Entopry's General Store.
 29424 | Orc:2    | Found Zuitiasicu's Antique Armour Shoppe.
 29430 | Orc:2    | Bought a faintly humming steam dragon armour for 1080 gold pieces
 29441 | Orc:2    | Identified the +4 steam dragon armour "Alujegg" {rElec Str+4} (You bought it in a shop on level 2 of the Orcish Mines)
 29461 | Orc:2    | Bought a ring of the Octopus King {SustAt AC+1 EV+1 Str+1 Int+1 Dex+1} for 509 gold pieces
 29494 | Orc:2    | Bought the amulet of Agycuq {Gourm rF+ rC+ Str+2 Dex-5} for 625 gold pieces
 29595 | Orc:2    | Found a staircase to the Elven Halls.
 30192 | Elf:1    | Entered Level 1 of the Elven Halls
 30294 | Elf:1    | Reached XP level 17. HP: 195/205 MP: 17/17
 30343 | Elf:1    | Received a gift from Trog
 30770 | Swamp:1  | Entered Level 1 of the Swamp
 30787 | Swamp:1  | Found a blossoming altar of Fedhas.
 31124 | Swamp:1  | Reached skill level 5 in Armour
 31845 | Swamp:2  | Reached skill level 10 in Dodging
 32291 | Swamp:3  | Found an opulent altar of Gozag.
 32398 | Swamp:3  | Found a frozen archway.
 32451 | IceCv    | Entered an ice cave
 32830 | IceCv    | Noticed an Ice Fiend
 33283 | IceCv    | Killed an Ice Fiend
 33430 | Swamp:3  | Received a gift from Trog
 33433 | Swamp:3  | Got a steaming great mace {god gift}
 33434 | Swamp:3  | Identified the +9 great mace of the Demagogue {drain, Dex+2} (Trog gifted it to you on level 3 of the Swamp)
 33901 | Swamp:4  | Entered Level 4 of the Swamp
 33965 | Swamp:4  | Noticed Thrillho's ghost (journeyman DEFE)
 34009 | Swamp:4  | Killed Thrillho's ghost
 34574 | Swamp:4  | Noticed Jorgrun
 34578 | Swamp:4  | Killed Jorgrun
 34875 | Swamp:4  | Reached XP level 18. HP: 147/218 MP: 18/18
 34920 | Swamp:4  | Received a gift from Trog
 34922 | Swamp:4  | Noticed a tentacled monstrosity
 34973 | Swamp:4  | Killed a tentacled monstrosity
 35346 | Swamp:4  | Got a decaying rune of Zot
 35580 | Spider:1 | Entered Level 1 of the Spider Nest
 35617 | Spider:1 | Received a gift from Trog
 36259 | Spider:2 | Received a gift from Trog
 36495 | Spider:2 | Identified a scroll of acquirement
 36628 | Spider:2 | Received a gift from Trog
 37596 | Spider:3 | Received a gift from Trog
 37686 | Spider:3 | Got a transparent dire flail
 37687 | Spider:3 | Identified the +9 dire flail of Hospitality {crush, MP+9} (You found it on level 3 of the Spider Nest)
 37870 | Spider:3 | Noticed deorigin's ghost (adept DrTm)
 37890 | Spider:3 | Killed deorigin's ghost
 38383 | Spider:4 | Entered Level 4 of the Spider Nest
 38383 | Spider:4 | Noticed Wiglaf
 38398 | Spider:3 | Killed Wiglaf
 38516 | Spider:4 | Reached XP level 19. HP: 184/231 MP: 19/19
 39203 | Spider:4 | Received a gift from Trog
 40340 | Spider:4 | Got a gossamer rune of Zot
 40392 | Spider:4 | Received a gift from Trog
 41275 | Elf:1    | Received a gift from Trog
 41341 | Elf:1    | Received a gift from Trog
 41705 | Elf:1    | Found Cozia's Weapon Emporium.
 41916 | Elf:1    | Received a gift from Trog
 41934 | Elf:1    | Got an ivory giant club {god gift}
 41935 | Elf:1    | Identified the +7 giant club "Zoiroc" {venom, rN+++ Str-2 Dex+4} (Trog gifted it to you on level 1 of the Elven Halls)
 42284 | Elf:2    | Found Nierul's Jewellery Boutique.
 42863 | Elf:2    | Found a runed gate.
 42864 | Elf:2    | Found a runed gate.
 42865 | Elf:2    | Found a runed gate.
 42882 | Elf:2    | Found Ypyd Sirch's Assorted Antiques.
 42891 | Elf:2    | Bought a potion of heal wounds for 175 gold pieces
 42927 | Elf:2    | Found Jazy Rofaus's Weapon Boutique.
 43002 | Elf:2    | Received a gift from Trog
 43226 | Elf:3    | Entered Level 3 of the Elven Halls
 43246 | Elf:3    | Reached XP level 20. HP: 236/244 MP: 20/20
 44171 | Elf:3    | Received a gift from Trog
 44416 | Elf:3    | Got a slimy garnet amulet
 44428 | Elf:3    | Received a gift from Trog
 44433 | Elf:3    | Reached skill level 15 in Throwing
 44439 | Elf:3    | Noticed Mara
 44447 | Elf:3    | Noticed a Brimstone Fiend
 44499 | Elf:3    | Received a gift from Trog
 44643 | Elf:3    | Killed Mara
 45032 | Elf:3    | Noticed Norris
 45268 | Elf:3    | Killed Norris
 45279 | Elf:3    | Got a jewelled ice dragon armour
 45482 | Elf:3    | Received a gift from Trog
 45530 | Elf:3    | Identified the +9 ice dragon armour "Yziommaf" {rF- rC++ rN+} (You took it off a deep elf master archer on level 3 of the Elven Halls)
 45531 | Elf:3    | Identified the amulet "Obujing" {+Rage rElec rC+ MR+} (You found it on level 3 of the Elven Halls)
 45724 | Elf:3    | Identified Sif Muna's Grimoire of Ice (You found it on level 3 of the Elven Halls)
 46213 | Vaults:1 | Entered Level 1 of the Vaults
 46473 | Vaults:1 | Lost mutation: Your spells are a little easier to cast, but a little less powerful. [potion of beneficial mutation]
 46512 | Vaults:1 | Reached XP level 21. HP: 168/253 MP: 21/21
 46994 | Vaults:1 | Noticed Aizul
 47001 | Vaults:1 | Killed Aizul
 47320 | Vaults:1 | Received a gift from Trog
 47510 | Vaults:1 | Received a gift from Trog
 47752 | Vaults:1 | Reached skill level 10 in Armour
 47931 | Vaults:1 | Found Unlavi's Gadget Shoppe.
 48302 | Vaults:1 | Gained mutation: Your body sometimes deteriorates upon taking damage. [a neqoxec]
 48527 | Vaults:1 | Received a gift from Trog
 48979 | Vaults:2 | Found a staircase to the Crypt.
 49429 | Vaults:2 | Noticed Asterion
 49440 | Vaults:2 | Killed Asterion
 49454 | Vaults:2 | Noticed Saint Roka
 49524 | Vaults:2 | Received a gift from Trog
 49725 | Vaults:2 | Reached XP level 22. HP: 242/262 MP: 22/22
 49739 | Vaults:2 | Received a gift from Trog
 50334 | Vaults:2 | Killed Saint Roka
 50591 | Vaults:2 | Received a gift from Trog
 51259 | Vaults:3 | Noticed Jory
 51273 | Vaults:3 | Killed Jory
 52026 | Vaults:3 | Received a gift from Trog
 52174 | Vaults:3 | Got a flickering golden ring
 52184 | Vaults:3 | Received a gift from Trog
 52293 | Vaults:3 | Received a gift from Trog
 52401 | Vaults:3 | Received a gift from Trog
 52592 | Vaults:3 | Received a gift from Trog
 52932 | Vaults:4 | Received a gift from Trog
 52941 | Vaults:4 | Reached XP level 23. HP: 274/274 MP: 23/23
 53899 | Vaults:4 | Noticed Margery
 53920 | Vaults:4 | Killed Margery
 53925 | Vaults:4 | Received a gift from Trog
 54360 | Vaults:4 | Identified the ring "Farir" {rPois MR+ Int+4} (You took it off a tengu reaver on level 3 of the Vaults)
 54371 | Vaults:4 | Got an iridescent blowgun
 54372 | Vaults:4 | Identified the +2 blowgun of Amudull {evade, +Inv Str+3} (You found it on level 4 of the Vaults)
 55359 | Depths:1 | Entered Level 1 of the Depths
 55662 | Depths:1 | Reached skill level 15 in Dodging
 55716 | Depths:1 | Found a gateway to Hell.
 55753 | Depths:1 | Received a gift from Trog
 56122 | Depths:1 | Received a gift from Trog
 57016 | Depths:2 | Reached XP level 24. HP: 287/287 MP: 23/23
 57135 | Depths:2 | Received a gift from Trog
 57526 | Depths:2 | Found a one-way gate leading to the halls of Pandemonium.
 57700 | Depths:2 | Noticed a caustic shrike
 58448 | Depths:2 | Received a gift from Trog
 58457 | Depths:2 | Got a shimmering giant club {god gift}
 58458 | Depths:2 | Identified the +4 giant club of Extinguishment {crush, *Rage +Rage Str+2} (Trog gifted it to you on level 2 of the Depths)
 58505 | Depths:2 | Killed a caustic shrike
 58711 | Depths:2 | Got a scintillating bronze ring
 59017 | Depths:2 | Got a clouded pewter amulet
 59018 | Depths:2 | Identified the ring of Ziun Wog {Wiz +Blink rF+ Int+2 Dex-4} (You took it off a centaur warrior on level 2 of the Depths)
 59019 | Depths:2 | Identified the amulet of Wonder {RegenMP Fragile +Blink rC+++ Str-5} (You found it on level 2 of the Depths)
 59952 | Depths:3 | Found a one-way gate to the infinite horrors of the Abyss.
 59992 | Depths:3 | Received a gift from Trog
 61174 | Depths:3 | Noticed the Enchantress
 61289 | Depths:3 | Reached XP level 25. HP: 243/299 MP: 23/23
 61398 | Depths:3 | Received a gift from Trog
 62084 | Depths:3 | Killed the Enchantress
 62097 | Depths:3 | Received a gift from Trog
 62585 | Depths:3 | Got a sparkling platinum ring
 62813 | Depths:3 | Received a gift from Trog
 62840 | Depths:3 | Identified the ring of Pessimism {rF+ Str+4 Int+4} (You took it off a vampire knight on level 3 of the Depths)
 62843 | Depths:3 | Identified the Grimoire of Malediction and the Entourage (You found it on level 3 of the Depths)
 63287 | Depths:4 | Found a gateway to a ziggurat.
 63496 | Depths:4 | Received a gift from Trog
 64702 | Depths:4 | Received a gift from Trog
 64741 | Depths:4 | HP: 15/451 [tengu reaver/great mace (19)]
 64742 | Depths:4 | Received a gift from Trog
 65157 | Depths:4 | Reached XP level 26. HP: 208/312 MP: 23/23
 65374 | Depths:4 | Received a gift from Trog
 65662 | Depths:4 | Reached skill level 15 in Armour
 65748 | Depths:4 | Got a clouded sapphire amulet
 65909 | Depths:4 | Identified the amulet of Yfacleb {Regen+ MP+9} (You took it off a yaktaur captain on level 4 of the Depths)
 65917 | Depths:4 | Identified Zefrusch's Papyrus of Fiery Slavery (You found it on level 4 of the Depths)
 66760 | Depths:3 | Got a faerie dragon armour
 66762 | Depths:3 | Identified the +6 faerie dragon armour {Str+5} (You took it off the Enchantress on level 3 of the Depths)
 67421 | Depths:5 | Entered Level 5 of the Depths
 67796 | Depths:4 | Received a gift from Trog
 68092 | Depths:5 | Reached skill level 27 in Fighting
 68429 | Depths:5 | Received a gift from Trog
 68825 | Depths:5 | Found a gate to the Realm of Zot.
 69164 | Depths:4 | Received a gift from Trog
 69675 | D:9      | Fell from the grace of Trog
 69675 | D:9      | Became a worshipper of Kikubaaqudgha
 69782 | D:4      | Bought a wand of teleportation (3/9) for 231 gold pieces
 69782 | D:4      | Bought a bread ration for 55 gold pieces
 69790 | D:4      | Learned a level 6 spell: Statue Form
 69795 | D:4      | Learned a level 4 spell: Passage of Golubria
 69799 | D:4      | Learned a level 3 spell: Regeneration
 69802 | D:4      | Learned a level 2 spell: Blink
 69807 | D:4      | Learned a level 4 spell: Animate Dead
 69809 | D:4      | Learned a level 1 spell: Apportation
 69863 | D:6      | Killed rockintein's ghost
 70428 | Depths:2 | Reached skill level 1 in Spellcasting
 70686 | Depths:3 | Voluntarily entered the Abyss.
 70846 | Abyss:1  | Found a viscous altar of Jiyva.
 70853 | Abyss:1  | Reached XP level 27. HP: 323/323 MP: 27/27
 71245 | Abyss:1  | Reached skill level 5 in Spellcasting
 71458 | Abyss:1  | Paralysed by accursed screaming for 1 turns
 71545 | Abyss:1  | Reached * piety under Kikubaaqudgha
 71545 | Abyss:1  | Received a gift from Kikubaaqudgha
 71548 | Abyss:1  | Identified Kikubaaqudgha's Incunabulum of Dark Magic (Kikubaaqudgha gifted it to you on level 1 of the Abyss)
 71556 | Abyss:1  | Learned a level 6 spell: Deflect Missiles
 71755 | Abyss:1  | Noticed an ancient lich
 71768 | Abyss:1  | Killed an ancient lich
 71768 | Abyss:1  | Reached skill level 27 in Maces & Flails
 71776 | Abyss:1  | Paralysed by accursed screaming for 1 turns
 71787 | Abyss:1  | Paralysed by accursed screaming for 1 turns
 71934 | Abyss:1  | Reached skill level 1 in Earth Magic
 71965 | Abyss:1  | Reached skill level 1 in Air Magic
 72229 | Abyss:2  | Got a warped marble ring
 72236 | Abyss:2  | Identified the ring "Tarch" {rElec rF+ rC+} (You found it on level 2 of the Abyss)
 72245 | Abyss:2  | Gained mutation: Armour fits poorly on your strangely shaped body. [a neqoxec]
 72247 | Abyss:2  | Lost mutation: Your mind is acute. (Int +2) [a neqoxec]
 72255 | Abyss:2  | Gained mutation: You occasionally shout uncontrollably at your foes. [a neqoxec]
 72259 | Abyss:2  | Gained mutation: Scrolls take you a little longer to read. [a neqoxec]
 72260 | Abyss:2  | Paralysed by accursed screaming for 2 turns
 72278 | Abyss:2  | Paralysed by accursed screaming for 2 turns
 72282 | Abyss:2  | Paralysed by accursed screaming for 1 turns
 72293 | Abyss:2  | Reached ** piety under Kikubaaqudgha
 72303 | Abyss:2  | Lost mutation: Your body sometimes deteriorates upon taking damage. [potion of cure mutation]
 72303 | Abyss:2  | Lost mutation: You have hoof-like feet. [potion of cure mutation]
 72304 | Abyss:2  | Lost mutation: Scrolls take you a little longer to read. [potion of cure mutation]
 72304 | Abyss:2  | Lost mutation: Your flesh is cold resistant. [potion of cure mutation]
 72304 | Abyss:2  | Lost mutation: You have large cloven feet. [potion of cure mutation]
 72304 | Abyss:2  | Lost mutation: Armour fits poorly on your strangely shaped body. [potion of cure mutation]
 72437 | Abyss:2  | Reached skill level 1 in Charms
 72678 | Abyss:3  | Found a runed door.
 72678 | Abyss:3  | Found a runed door.
 72705 | Abyss:3  | Found a runed door.
 72705 | Abyss:3  | Found a runed door.
 72735 | Abyss:3  | Got a twisted quicksilver dragon armour
 72736 | Abyss:3  | Identified the quicksilver dragon armour of Disguise {MR+ Regen+ Int+2 Dex-2 SInv} (You acquired it on level 3 of the Abyss)
 72811 | Depths:3 | Escaped the Abyss
 73309 | Slime:1  | Entered Level 1 of the Pits of Slime
 73933 | Slime:2  | Reached *** piety under Kikubaaqudgha
 73933 | Slime:2  | Received a gift from Kikubaaqudgha
 73944 | Slime:2  | Identified Kikubaaqudgha's Almanac of Evil Rites (Kikubaaqudgha gifted it to you on level 2 of the Pits of Slime)
 74035 | Slime:2  | Reached skill level 10 in Spellcasting
 74628 | Slime:3  | Reached **** piety under Kikubaaqudgha
 75576 | Slime:5  | Reached ***** piety under Kikubaaqudgha
 75629 | Slime:6  | Entered Level 6 of the Pits of Slime
 75646 | Slime:6  | Gained mutation: Armour fits poorly on your strangely shaped body. [a shining eye]
 75648 | Slime:6  | Gained mutation: Scrolls take you a little longer to read. [a shining eye]
 75655 | Slime:5  | Lost mutation: Armour fits poorly on your strangely shaped body. [potion of cure mutation]
 75655 | Slime:5  | Lost mutation: Scrolls take you a little longer to read. [potion of cure mutation]
 75655 | Slime:5  | Lost mutation: You occasionally shout uncontrollably at your foes. [potion of cure mutation]
 75655 | Slime:5  | Lost mutation: You are resistant to hostile enchantments. [potion of cure mutation]
 76551 | Slime:6  | Noticed the Royal Jelly
 76557 | Slime:6  | Found a viscous altar of Jiyva.
 76563 | Slime:6  | Killed the Royal Jelly
 76563 | Slime:6  | Reached skill level 5 in Earth Magic
 77187 | Slime:6  | Got a slimy rune of Zot
 77190 | Slime:6  | Identified a +4 rod of ignition (10/10) (You found it on level 6 of the Pits of Slime)
 77240 | Slime:6  | Learned a level 2 spell: Song of Slaying
 77244 | Slime:6  | Learned a level 3 spell: Spectral Weapon
 77246 | Slime:6  | Got a warped tin ring
 77254 | Slime:6  | Identified the cursed ring "Qepnir" {*Corrode +Fly rPois rF++ Str-3} (You found it on level 6 of the Pits of Slime)
 77287 | Slime:6  | Got a clouded marble ring
 77289 | Slime:6  | Identified the ring of Refuw {*Corrode rElec rC+ rN+ Slay+5} (You found it on level 6 of the Pits of Slime)
 77300 | Slime:6  | Got a bound bone amulet
 77302 | Slime:6  | Identified the amulet "Qext" {*Drain +Rage rF+ Dex+3} (You found it on level 6 of the Pits of Slime)
 77334 | Slime:6  | Identified Sif Muna's Grimoire of Fetching Flight
 77343 | Slime:6  | Got an ichor-stained cloak
 77354 | Slime:6  | Identified the +2 cloak of Nyont {rN+ MR+ Dex+4} (You found it on level 6 of the Pits of Slime)
 78080 | Depths:3 | Voluntarily entered the Abyss.
 78514 | Abyss:1  | Gained mutation: Your body sometimes deteriorates upon taking damage. [a cacodemon]
 78537 | Depths:3 | Escaped the Abyss
 78673 | D:14     | Reached skill level 5 in Charms
 78882 | Vaults:5 | Entered Level 5 of the Vaults
 79911 | Vaults:5 | Reached ****** piety under Kikubaaqudgha
 80052 | Vaults:5 | Got a silver rune of Zot
 80239 | Vaults:5 | Identified a -1 rod of inaccuracy (12/12) (You found it on level 5 of the Vaults)
 80287 | Vaults:5 | Noticed an ancient lich
 80294 | Vaults:5 | Killed an ancient lich
 80694 | Vaults:5 | Reached skill level 15 in Spellcasting
 80936 | Vaults:5 | Reached skill level 10 in Earth Magic
 80992 | Vaults:5 | Reached skill level 1 in Transmutations
 81086 | Vaults:5 | Found Ydycvuymn's Distillery.
 81090 | Vaults:5 | Bought 2 potions of brilliance for 136 gold pieces
 81090 | Vaults:5 | Bought a potion of heal wounds for 85 gold pieces
 81090 | Vaults:5 | Bought a potion of lignification for 51 gold pieces
 81090 | Vaults:5 | Bought a potion of haste for 170 gold pieces
 81090 | Vaults:5 | Bought a potion of agility for 68 gold pieces
 81090 | Vaults:5 | Bought a potion of curing for 51 gold pieces
 81090 | Vaults:5 | Bought a potion of curing for 51 gold pieces
 81097 | Vaults:5 | Found Tadgh's Magic Scroll Boutique.
 81102 | Vaults:5 | Bought a scroll of teleportation for 54 gold pieces
 81102 | Vaults:5 | Bought a scroll of teleportation for 54 gold pieces
 81102 | Vaults:5 | Bought a scroll of identify for 36 gold pieces
 81102 | Vaults:5 | Bought a scroll of enchant armour for 135 gold pieces
 81102 | Vaults:5 | Bought a scroll of teleportation for 54 gold pieces
 81102 | Vaults:5 | Bought a scroll of blinking for 135 gold pieces
 81238 | Vaults:5 | Found Loamol's Magic Scroll Shop.
 81264 | Vaults:5 | Bought a scroll of identify for 38 gold pieces
 81264 | Vaults:5 | Bought a scroll of identify for 38 gold pieces
 81264 | Vaults:5 | Bought 2 scrolls of identify for 76 gold pieces
 81264 | Vaults:5 | Bought a scroll of identify for 38 gold pieces
 81264 | Vaults:5 | Bought a scroll of teleportation for 57 gold pieces
 81264 | Vaults:5 | Bought a scroll of identify for 38 gold pieces
 81264 | Vaults:5 | Bought a scroll of identify for 38 gold pieces
 81277 | Vaults:5 | Found Afagas's Magic Scroll Shoppe.
 81277 | Vaults:5 | Found Tinn's Magic Scroll Boutique.
 81282 | Vaults:5 | Bought 3 scrolls of magic mapping for 147 gold pieces
 81282 | Vaults:5 | Bought a scroll of blinking for 105 gold pieces
 81282 | Vaults:5 | Bought a scroll of teleportation for 42 gold pieces
 81282 | Vaults:5 | Bought a scroll of magic mapping for 49 gold pieces
 81282 | Vaults:5 | Bought a scroll of enchant armour for 105 gold pieces
 81282 | Vaults:5 | Bought 2 scrolls of magic mapping for 98 gold pieces
 81288 | Vaults:5 | Found Bonaun's Magic Scroll Emporium.
 81289 | Vaults:5 | Bought 3 scrolls of teleportation for 162 gold pieces
 81289 | Vaults:5 | Bought a scroll of identify for 36 gold pieces
 81289 | Vaults:5 | Bought a scroll of blinking for 135 gold pieces
 81289 | Vaults:5 | Bought a scroll of enchant armour for 135 gold pieces
 81289 | Vaults:5 | Bought a scroll of identify for 36 gold pieces
 81289 | Vaults:5 | Bought a scroll of fog for 36 gold pieces
 81289 | Vaults:5 | Bought a scroll of acquirement for 936 gold pieces
 81289 | Vaults:5 | Bought a scroll of identify for 36 gold pieces
 81296 | Vaults:5 | Bought a scroll of magic mapping for 84 gold pieces
 81296 | Vaults:5 | Bought a scroll of fog for 48 gold pieces
 81296 | Vaults:5 | Bought a scroll of teleportation for 72 gold pieces
 81296 | Vaults:5 | Bought a scroll of recharging for 228 gold pieces
 81296 | Vaults:5 | Bought a scroll of enchant armour for 180 gold pieces
 81296 | Vaults:5 | Bought a scroll of identify for 48 gold pieces
 81356 | Vaults:5 | Paralysed by Trog for 2 turns
 81563 | Vaults:5 | Found Beebuun's Food Shop.
 81563 | Vaults:5 | Found Massakhu's Distillery.
 81576 | Vaults:5 | Bought a potion of lignification for 36 gold pieces
 81576 | Vaults:5 | Bought a potion of cure mutation for 300 gold pieces
 81576 | Vaults:5 | Bought a potion of cure mutation for 300 gold pieces
 81576 | Vaults:5 | Bought a potion of brilliance for 48 gold pieces
 81576 | Vaults:5 | Bought a potion of heal wounds for 60 gold pieces
 81576 | Vaults:5 | Bought a potion of curing for 36 gold pieces
 81576 | Vaults:5 | Bought a potion of curing for 36 gold pieces
 81576 | Vaults:5 | Bought a potion of curing for 36 gold pieces
 81576 | Vaults:5 | Bought a potion of flight for 36 gold pieces
 81583 | Vaults:5 | Bought 4 fruits for 66 gold pieces
 81583 | Vaults:5 | Bought a beef jerky for 16 gold pieces
 81583 | Vaults:5 | Bought a bread ration for 55 gold pieces
 81583 | Vaults:5 | Bought a meat ration for 55 gold pieces
 81583 | Vaults:5 | Bought a slice of pizza for 16 gold pieces
 81583 | Vaults:5 | Bought a meat ration for 55 gold pieces
 81583 | Vaults:5 | Bought a meat ration for 55 gold pieces
 81583 | Vaults:5 | Bought a meat ration for 55 gold pieces
 81583 | Vaults:5 | Bought a meat ration for 55 gold pieces
 81583 | Vaults:5 | Bought a royal jelly for 22 gold pieces
 81583 | Vaults:5 | Bought a meat ration for 55 gold pieces
 81583 | Vaults:5 | Bought 3 fruits for 49 gold pieces
 81985 | Crypt:1  | Entered Level 1 of the Crypt
 82562 | Crypt:1  | Reached skill level 5 in Transmutations
 84253 | Crypt:3  | Entered Level 3 of the Crypt
 84380 | Crypt:3  | Was forgiven by Trog
 84505 | Crypt:3  | Found a staircase to the Tomb.
 84640 | Crypt:3  | Got a clouded pewter amulet
 84641 | Crypt:3  | Identified the amulet of the Leaf {Inacc rPois rN+++ Str-5} (You found it on level 3 of the Crypt)
 84744 | Crypt:3  | Got a warped lapis lazuli ring
 84763 | Crypt:3  | Got a scorched brass ring
 84769 | Crypt:3  | Noticed Donald
 84776 | Crypt:3  | Killed Donald
 84780 | Crypt:3  | Killed the ghostly Donald
 84793 | Crypt:3  | Noticed an ancient lich
 84795 | Crypt:3  | Killed an ancient lich
 84805 | Crypt:3  | Cast into level 2 of the Abyss (hell knight)
 84846 | Crypt:3  | Escaped the Abyss
 84848 | Crypt:3  | Reached skill level 10 in Transmutations
 84850 | Crypt:3  | Found an ancient bone altar of Kikubaaqudgha.
 84906 | Crypt:3  | Learned a level 7 spell: Dragon Form
 84960 | Crypt:3  | Got a bound turquoise ring
 85301 | Tomb:1   | Entered Level 1 of the Tomb of the Ancients
 85374 | Tomb:1   | Identified the ring of Ejupt {rN+ MR+} (You took it off a hell knight on level 3 of the Crypt)
 85375 | Tomb:1   | Identified the ring "Kojiyrov" {rN+ Int+4} (You found it on level 3 of the Crypt)
 85376 | Tomb:1   | Identified the ring of Egai {+Fly rN+ MR+ SInv} (You took it off a hell knight on level 3 of the Crypt)
 85465 | Tomb:1   | Noticed a greater mummy
 85468 | Tomb:1   | Noticed Khufu
 85468 | Tomb:1   | Noticed a greater mummy
 85480 | Tomb:1   | Killed a greater mummy
 85512 | Tomb:1   | Killed Khufu
 85826 | Tomb:1   | Noticed a greater mummy
 85837 | Tomb:1   | Killed a greater mummy
 85838 | Tomb:1   | Noticed a greater mummy
 86081 | Tomb:1   | Killed a greater mummy
 86214 | Tomb:1   | Noticed a greater mummy
 86224 | Tomb:1   | Killed a greater mummy
 86592 | Tomb:1   | Killed a greater mummy
 86632 | Tomb:2   | Noticed an ancient lich
 86632 | Tomb:2   | Noticed a greater mummy
 86634 | Tomb:2   | Noticed a greater mummy
 86735 | Tomb:2   | Noticed a greater mummy
 86746 | Tomb:1   | Killed an ancient lich
 87293 | Tomb:1   | Killed a greater mummy
 87462 | Tomb:1   | Killed a greater mummy
 87462 | Tomb:1   | Reached skill level 5 in Air Magic
 87482 | Tomb:2   | Killed a greater mummy
 87482 | Tomb:2   | Reached skill level 1 in Translocations
 87937 | Tomb:1   | Noticed a greater mummy
 87942 | Tomb:1   | Killed a greater mummy
 87944 | Tomb:1   | Noticed a greater mummy
 87949 | Tomb:1   | Killed a greater mummy
 87976 | Tomb:1   | Noticed a greater mummy
 87981 | Tomb:1   | Noticed a greater mummy
 87982 | Tomb:1   | Killed a greater mummy
 87993 | Tomb:1   | Killed a greater mummy
 88006 | Tomb:1   | Noticed a greater mummy
 88024 | Tomb:1   | Killed a greater mummy
 88392 | Tomb:1   | Noticed a greater mummy
 88399 | Tomb:1   | Killed a greater mummy
 88432 | Tomb:1   | Noticed a greater mummy
 88452 | Tomb:1   | Killed a greater mummy
 88605 | Tomb:1   | Noticed a greater mummy
 88612 | Tomb:1   | Killed a greater mummy
 88622 | Tomb:1   | Noticed a greater mummy
 88627 | Tomb:1   | Killed a greater mummy
 88641 | Tomb:1   | Noticed a greater mummy
 88650 | Tomb:1   | Killed a greater mummy
 88651 | Tomb:1   | Noticed a greater mummy
 88653 | Tomb:1   | Noticed a greater mummy
 88880 | Tomb:1   | Killed a greater mummy
 88885 | Tomb:1   | Killed a greater mummy
 89035 | Tomb:3   | Entered Level 3 of the Tomb of the Ancients
 89050 | Tomb:2   | Paralysed by the power of Zot for 5 turns
 89756 | Tomb:3   | Got a sparkling steel ring
 89757 | Tomb:3   | Identified the ring "Cipae" {Ice rElec rPois rN+++ Str-4} (You found it on level 3 of the Tomb of the Ancients)
 89767 | Tomb:3   | Identified the Reference Book on Sinister Arts
 89791 | Tomb:3   | Noticed a greater mummy
 89800 | Tomb:3   | Killed a greater mummy
 89800 | Tomb:3   | Reached skill level 5 in Translocations
 89821 | Tomb:3   | Noticed a greater mummy
 89839 | Tomb:3   | Noticed a greater mummy
 89850 | Tomb:3   | HP: 17/419 [death scarab (18)]
 89851 | Tomb:3   | Slain by a death scarab

Skill      XL: |  1  2  3  4  5  6  7  8  9 10 11 12 13 14 15 16 17 18 19 20 21 22 23 24 25 26 27 |
---------------+----------------------------------------------------------------------------------+-----
Fighting       | 3 4 5 6 7 9 11 13 14 15 17 18 20 21 22 23 24 25 26 27 | 27.0
Maces & Flails | 1 2 4 5 6 8 11 12 14 15 17 18 20 21 22 23 24 25 26 27 | 27.0
Throwing       | 5 6 7 8 9 10 11 12 13 14 16 17 18 19 20 | 20.3
Dodging        | 2 3 5 6 7 8 9 10 11 12 13 14 15 16 17 18 | 18.4
Armour         | 2 3 4 6 7 8 9 10 11 12 13 14 15 16 | 16.0
Spellcasting   | 3 15 | 15.0
Earth Magic    | 12 | 12.0
Air Magic      | 8 |  8.7
Charms         | 8 |  8.9
Transmutations | 12 | 12.2
Translocations | 5 |  5.1
Stealth        | |  0.7

Action                   |  1- 3 |  4- 6 |  7- 9 | 10-12 | 13-15 | 16-18 | 19-21 | 22-24 | 25-27 || total
-------------------------+-------+-------+-------+-------+-------+-------+-------+-------+-------++-------
Melee: Short sword       |    45 |       |       |       |       |       |       |       |       ||    45
       Club              |    39 |   106 |       |       |       |       |       |       |       ||   145
       Mace              |       |    48 |     7 |       |       |       |       |       |       ||    55
       Whip              |       |       |    83 |       |       |       |       |       |       ||    83
       Flail             |       |       |    19 |   860 |    42 |       |       |       |       ||   921
       Dagger            |       |       |   347 |    79 |       |       |       |       |       ||   426
       Kick              |       |       |       |   211 |   223 |   339 |   423 |   509 |   458 ||  2163
       Giant spiked club |       |       |       |       |  1145 |   789 |   293 |       |  2335 ||  4562
       Headbutt          |       |       |       |       |   100 |       |       |       |       ||   100
       Great mace        |       |       |       |       |       |   487 |       |       |       ||   487
       Giant club        |       |       |       |       |       |       |   842 |  1203 |  1049 ||  3094
Throw: Large rock        |     5 |    30 |    91 |    96 |    70 |   115 |   317 |   430 |   550 ||  1704
       Throwing net      |     1 |     2 |    11 |     2 |       |       |       |       |       ||    16
       Javelin           |       |       |     9 |    27 |       |       |       |       |       ||    36
       Tomahawk          |       |       |       |       |    18 |    36 |       |       |       ||    54
 Cast: Regeneration      |       |       |       |       |       |       |       |       |    89 ||    89
       Statue Form       |       |       |       |       |       |       |       |       |    43 ||    43
       Spectral Weapon   |       |       |       |       |       |       |       |       |     5 ||     5
       Song of Slaying   |       |       |       |       |       |       |       |       |     3 ||     3
       Blink             |       |       |       |       |       |       |       |       |     2 ||     2
Invok: Trog's Hand       |       |       |       |    11 |    15 |    18 |    25 |    27 |    15 ||   111
       Berserk           |       |       |       |     5 |     1 |     4 |     8 |     8 |     4 ||    30
       Brothers in Arms  |       |       |       |     2 |     5 |     7 |     4 |     3 |     4 ||    25
       Burn Spellbooks   |       |       |       |     2 |       |     1 |     1 |       |       ||     4
       Receive Corpses   |       |       |       |       |       |       |       |       |     2 ||     2
Evoke: Wand              |       |       |       |     2 |     9 |     2 |    15 |    11 |    16 ||    55
       Box of beasts     |       |       |       |       |       |     2 |       |       |       ||     2
  Use: Scroll            |       |       |    16 |    13 |    17 |    13 |    16 |     7 |    61 ||   143
       Potion            |       |       |     1 |     2 |     4 |     5 |     6 |       |    17 ||    35
 Stab: Sleeping          |       |     2 |     4 |     2 |       |       |       |       |       ||     8
       Held in net/web   |       |     3 |       |       |       |       |       |       |       ||     3
       Distracted        |       |       |       |       |     1 |       |       |       |     1 ||     2
  Eat: Chunk             |       |     4 |    23 |    70 |    17 |    24 |    12 |    22 |    24 ||   196
       Beef jerky        |       |       |     1 |     2 |     1 |       |     1 |     1 |     7 ||    13
       Pizza             |       |       |       |     2 |     1 |     2 |     1 |     1 |     6 ||    13
       Fruit             |       |       |       |     1 |       |    15 |    39 |       |    22 ||    77
       Bread ration      |       |       |       |     1 |       |       |     1 |     6 |    11 ||    19
       Royal jelly       |       |       |       |       |     3 |     8 |       |       |     3 ||    14
       Meat ration       |       |       |       |       |       |       |       |       |     1 ||     1
Armor: Robe              |    65 |    57 |   206 |   186 |       |       |       |       |       ||   514
       Troll leather arm |       |       |       |   289 |   662 |   222 |       |       |       ||  1173
       Steam dragon armo |       |       |       |       |       |   454 |   340 |   443 |   239 ||  1476
       Swamp dragon armo |       |       |       |       |       |   194 |   227 |       |       ||   421
       Skin              |       |       |       |       |       |       |    22 |       |   792 ||   814
       Ice dragon armour |       |       |       |       |       |       |       |       |   564 ||   564
       Mottled dragon ar |       |       |       |       |       |       |       |       |     5 ||     5
       Quicksilver drago |       |       |       |       |       |       |       |       |   727 ||   727
Dodge: Dodged            |    53 |    91 |   248 |   504 |   922 |   930 |   840 |   762 |  3245 ||  7595
